[Event "Titled Tuesday Blitz September 27 Early 2022"]
[White "Song, Julien"]
[Black "Koridze, Lile"]
[WhiteFideId "659487"]
[BlackFideId "13612514"]
[WhiteElo "2225"]
[BlackElo "2050"]
[Result "1-0"]
[Round "06"]
[TimeControl "180+1"]
[Date "2022.09.27"]
[WhiteClock "0:00:09"]
[BlackClock "0:00:11"]

1. d4 Nf6 2. Bg5 e6 3. e4 d6 4. Nc3 Be7 5. Be3 O-O 6. Bd3 c6 7. f4 Nbd7 8. Nf3 Qc7 9. h3 e5 10. dxe5 dxe5 11. Qd2 b5 12. O-O b4 13. Na4 c5 14. b3 Bb7 15. fxe5 Nxe5 16. Nxe5 Qxe5 17. Qf2 Bxe4 18. Bxc5 Bxd3 19. cxd3 Bxc5 20. Qxc5 Qe2 21. Qxb4 Qxd3 22. Rf3 Qg6 23. Raf1 Ne4 24. Nc5 Ng3 25. R1f2 Rad8 26. Kh2 Nh5 27. Ne4 f5 28. Ng3 Nxg3 29. Rxg3 Qe6 30. Qc3 g6 31. Re3 Qd6+ 32. Kg1 Rfe8 33. Rfe2 Rxe3 34. Qxe3 Rd7 35. Qe8+ Kg7 36. Re1 Qd4+ 37. Kh1 Qd2 38. Re2 Qc1+ 39. Kh2 Qf4+ 40. g3 Qd4 41. h4 Rf7 42. Qe5+ Qxe5 43. Rxe5 Rd7 44. Ra5 Kf6 45. Kg2 h6 46. Kf3 Rd3+ 47. Kf2 Rd7 48. Ra6+ Kf7 49. Kf3 Re7 50. Kf4 Re4+ 51. Kf3 Re7 52. a3 Rc7 53. b4 Rc3+ 54. Kf4 Rc7 55. Kf3 Rc3+ 56. Kf4 Rc7 57. b5 Rc4+ 58. Kf3 Rc3+ 59. Kg2 Rc2+ 60. Kf3 Rc7 61. a4 Re7 62. Kf4 Re4+ 63. Kf3 Re7 64. h5 gxh5 65. Rxh6 Re4 66. Ra6 Re7 67. Kf4 Rc7 68. Kxf5 Kg7 69. Kg5 Rc5+ 70. Kh4 Rc7 71. Kxh5 Rc3 72. g4 1-0


[Site "https://www.chess.com"]

[Event "Titled Tuesday Blitz September 27 Early 2022"]
[White "Sovetbekova, Nurai"]
[Black "Runets, Ivan"]
[WhiteFideId "13801910"]
[BlackFideId "13511564"]
[WhiteElo "1646"]
[BlackElo "1962"]
[Result "0-1"]
[Round "06"]
[TimeControl "180+1"]
[Date "2022.09.27"]
[WhiteClock "0:00:07"]
[BlackClock "0:00:06"]

1. d4 Nf6 2. c4 e6 3. g3 d5 4. Bg2 Be7 5. Nf3 O-O 6. O-O dxc4 7. Ne5 Qd6 8. Nxc4 Qa6 9. Qc2 Rd8 10. Rd1 Nc6 11. e3 Nb4 12. Qb3 c5 13. Nc3 cxd4 14. exd4 Nbd5 15. Bg5 Rb8 16. Nxd5 Nxd5 17. Bxe7 Nxe7 18. Ne5 Bd7 19. Nxd7 Rxd7 20. d5 exd5 21. Bxd5 Nxd5 22. Rxd5 Rbd8 23. Rad1 Qe6 24. Rxd7 Rxd7 25. Rxd7 Qxd7 26. Qc2 g6 27. h4 h5 28. Kg2 a5 29. a4 b6 30. b3 Qe6 31. Qc3 Qd5+ 32. Qf3 Qd4 33. Qa8+ Kg7 34. Qb7 Kf6 35. Kf3 Qd3+ 36. Kg2 Qxb3 37. Qc6+ Kg7 38. Qd7 Qb4 39. Qc6 Qd4 40. Qb5 Kf8 41. Qc6 Ke7 42. Qc7+ Ke6 43. Qc6+ Qd6 44. Qe8+ Kf6 45. Qh8+ Kf5 46. Qc8+ Ke5 47. Qe8+ Qe6 48. Qb8+ Kd4 49. Qc7 Qd5+ 50. Kh2 Qe6 51. Qd8+ Kc4 52. Qc7+ Kb4 53. Qc2 Qb3 54. Qe4+ Ka3 55. Qf4 f5 56. Qd6+ Kxa4 57. Qf4+ Ka3 58. Qg5 Qf3 59. Qxg6 Qxf2+ 60. Kh3 Qf1+ 61. Kh2 Qe2+ 62. Kh1 Qf3+ 63. Kh2 b5 64. Qd6+ b4 65. Qc5 a4 66. Qc1+ Ka2 67. Qc2+ Ka3 68. Qc1+ Kb3 69. Qb1+ Kc4 70. Qc2+ Kb5 71. Qc7 a3 72. Qb8+ Ka4 73. Qa7+ Kb3 74. Qf7+ Kb2 75. Qf6+ Qc3 76. Qxf5 a2 77. Qf2+ Qc2 0-1


[Site "https://www.chess.com"]

[Event "Titled Tuesday Blitz September 27 Early 2022"]
[White "Srihari L R"]
[Black "Principe, Gerson"]
[WhiteFideId "46617116"]
[BlackFideId "3804550"]
[WhiteElo "2208"]
[BlackElo "2280"]
[Result "1-0"]
[Round "06"]
[TimeControl "180+1"]
[Date "2022.09.27"]
[WhiteClock "0:00:09"]
[BlackClock "0:00:02"]

1. Nf3 Nf6 2. g3 b6 3. Bg2 Bb7 4. O-O e6 5. Ne1 Bxg2 6. Nxg2 Be7 7. d3 d5 8. Nd2 O-O 9. e4 c5 10. e5 Nfd7 11. f4 Nc6 12. c3 f6 13. exf6 Bxf6 14. Nf3 e5 15. fxe5 Ndxe5 16. Nf4 Qd7 17. Qe2 Rae8 18. Nxe5 Rxe5 19. Qg2 Rfe8 20. Bd2 d4 21. c4 Bg5 22. Rf2 Bxf4 23. Bxf4 Re1+ 24. Rf1 Rxa1 25. Rxa1 Nb4 26. Rd1 Qf5 27. Qf3 Qe6 28. a3 Nc2 29. Rf1 Ne3 30. Bxe3 Qxe3+ 31. Kg2 Qe6 32. Rf2 h6 33. h4 Kh7 34. b4 Re7 35. h5 Re8 36. bxc5 bxc5 37. a4 Re7 38. a5 Re8 39. a6 Re7 40. Kh2 Rd7 41. Qf5+ Qxf5 42. Rxf5 Rd6 43. Rxc5 Rxa6 44. Rd5 Ra2+ 45. Kh3 Rd2 46. Rxd4 a5 47. c5 Rc2 48. Rc4 Rxc4 49. dxc4 a4 50. c6 a3 51. c7 a2 52. c8=Q a1=Q 53. Qf5+ Kh8 54. Qf8+ Kh7 55. Qf5+ Kh8 56. Qe4 Qf1+ 57. Kh2 Qf2+ 58. Qg2 Qf5 59. Qe2 Qc5 60. Kg2 Qd4 61. Qe8+ Kh7 62. Qg6+ Kh8 63. Qc2 Qc5 64. Qe4 Qd6 65. Qd5 Kh7 66. Qxd6 1-0


[Site "https://www.chess.com"]

[Event "Titled Tuesday Blitz September 27 Early 2022"]
[White "Stremavicius, Titas"]
[Black "Aizpurua, Patrick Emilio"]
[WhiteFideId "12804444"]
[BlackFideId "6600522"]
[WhiteElo "2399"]
[BlackElo "2378"]
[Result "1-0"]
[Round "06"]
[TimeControl "180+1"]
[Date "2022.09.27"]
[WhiteClock "0:00:14"]
[BlackClock "0:00:10"]

1. c4 e5 2. Nc3 Bb4 3. Nd5 Bc5 4. e3 c6 5. d4 exd4 6. exd4 Be7 7. Nc3 Nf6 8. Nf3 d5 9. cxd5 Nxd5 10. Bc4 Be6 11. Qb3 b6 12. O-O O-O 13. Re1 Re8 14. Bd2 a6 15. Nxd5 cxd5 16. Bd3 Nd7 17. Rac1 b5 18. a4 bxa4 19. Qxa4 Nb6 20. Qa2 Nc4 21. Bf4 Qb6 22. b3 Nd6 23. Qa4 Red8 24. Ne5 Nb5 25. Nc6 Re8 26. Nxe7+ Rxe7 27. Rc5 Rae8 28. Ra1 Bc8 29. Be3 h6 30. Bxb5 axb5 31. Rxb5 Qd6 32. Rb8 Bd7 33. Rxe8+ Rxe8 34. Qa7 Bf5 35. h3 Qb4 36. Qa4 Rb8 37. Bf4 Rb7 38. Ra3 Bc2 39. Qe8+ Kh7 40. Ra8 Qxb3 41. Qg8+ Kg6 42. Kh2 Bf5 43. Qh8 Be6 44. Bxh6 gxh6 45. Rg8+ Kf5 46. Qh7+ Kf6 47. Qxh6+ Ke7 48. Qf8+ Kf6 49. Qd8+ Kf5 50. Qg5+ Ke4 51. Qe5+ Kd3 52. Rg3+ Kc4 53. Rxb3 Rxb3 54. h4 Rd3 55. f3 Rxd4 56. Kg3 Rd2 57. h5 d4 58. h6 Rd1 59. h7 Rh1 60. h8=Q Rxh8 61. Qxh8 d3 62. Kf2 d2 63. Ke2 d1=Q+ 64. Kxd1 1-0


[Site "https://www.chess.com"]

[Event "Titled Tuesday Blitz September 27 Early 2022"]
[White "Svane, Frederik"]
[Black "Erenberg, Ariel"]
[WhiteFideId "12923044"]
[BlackFideId "2811634"]
[WhiteElo "2459"]
[BlackElo "2243"]
[Result "0-1"]
[Round "06"]
[TimeControl "180+1"]
[Date "2022.09.27"]
[WhiteClock "0:00:55"]
[BlackClock "0:00:43"]

1. a3 c5 2. g3 Nc6 3. Bg2 g6 4. c4 Bg7 5. Nc3 Nf6 6. Rb1 O-O 7. b4 d6 8. Nf3 e5 9. O-O Bf5 10. d3 Qd7 11. Ng5 h6 12. Nge4 Nxe4 13. dxe4 Be6 14. bxc5 Bxc4 15. cxd6 Nd4 16. Re1 Qxd6 17. e3 Ne2+ 18. Nxe2 Qxd1 19. Rxd1 Bxe2 20. Rd5 Bc4 21. Rc5 Rfc8 22. Rxc8+ Rxc8 23. Rxb7 Rd8 24. Bf3 a5 25. Ra7 Rb8 26. Bd2 Rb1+ 0-1


[Site "https://www.chess.com"]

[Event "Titled Tuesday Blitz September 27 Early 2022"]
[White "Svane, Rasmus"]
[Black "Saydaliev, Saidakbar"]
[WhiteFideId "4657101"]
[BlackFideId "14203693"]
[WhiteElo "2674"]
[BlackElo "2265"]
[Result "1-0"]
[Round "06"]
[TimeControl "180+1"]
[Date "2022.09.27"]
[WhiteClock "0:00:26"]
[BlackClock "0:00:05"]

1. Nf3 Nf6 2. g3 d5 3. Bg2 e6 4. O-O Be7 5. c4 O-O 6. b3 c5 7. cxd5 exd5 8. d4 cxd4 9. Nxd4 Nc6 10. Nc3 Bg4 11. Bb2 Re8 12. Rc1 Rc8 13. Qd2 Nxd4 14. Qxd4 Bc5 15. Qd3 d4 16. Ne4 Bf5 17. Nxf6+ Qxf6 18. Qb5 Qb6 19. Qxb6 Bxb6 20. Rxc8 Rxc8 21. Rc1 Re8 22. Bf3 h6 23. Rd1 Be4 24. Bxe4 Rxe4 25. Kf1 g5 26. f3 Re6 27. Bxd4 Rd6 28. e3 Rc6 29. Bxb6 Rxb6 30. Rc1 a5 31. Rc4 Rd6 32. Ke2 b6 33. e4 Kg7 34. f4 gxf4 35. gxf4 Rg6 36. Kf3 Rd6 37. Ke3 Rg6 38. a4 h5 39. f5 Rg2 40. Rc6 Rxh2 41. Rxb6 h4 42. Kf3 Rh3+ 43. Kg4 Re3 44. Kxh4 Rxe4+ 45. Kg5 f6+ 46. Rxf6 Rb4 47. Ra6 Rxb3 48. Ra7+ Kf8 49. Rxa5 Rb6 50. Ra8+ Kf7 51. Ra7+ Kf8 52. a5 1-0


[Site "https://www.chess.com"]

[Event "Titled Tuesday Blitz September 27 Early 2022"]
[White "Svicevic, Rastko"]
[Black "Tsukerman, Julia"]
[WhiteFideId "916315"]
[BlackFideId "2621649"]
[WhiteElo "2115"]
[BlackElo "1667"]
[Result "0-1"]
[Round "06"]
[TimeControl "180+1"]
[Date "2022.09.27"]
[WhiteClock "0:00:01"]
[BlackClock "0:00:08"]

1. d4 d5 2. Bg5 h6 3. Bh4 Nd7 4. e3 Ngf6 5. Bd3 e6 6. Nf3 Be7 7. O-O O-O 8. Nbd2 c5 9. c3 b6 10. Re1 c4 11. Bf1 Bb7 12. b3 b5 13. a4 a6 14. b4 bxa4 15. Rxa4 Bc6 16. Ra5 Bb5 17. Ne5 Nxe5 18. dxe5 Nd7 19. Bxe7 Qxe7 20. Nf3 Nb8 21. Nd4 Nc6 22. Nxc6 Bxc6 23. Qa1 Bb5 24. Be2 Qc7 25. f4 f6 26. exf6 Rxf6 27. Qd1 Raf8 28. Qd4 R6f7 29. Bd1 Re7 30. Ba4 Qc6 31. Ra1 Qe8 32. Bxb5 axb5 33. h3 Rb7 34. Qc5 Qd7 35. Ra6 Re8 36. Rd6 Qe7 37. Raa6 e5 38. Re6 Qd7 39. Rad6 Qf7 40. Qxd5 Rxe6 41. Rxe6 exf4 42. e4 Rd7 43. Re8+ Kh7 44. Qxf7 Rxf7 45. Re5 Rb7 46. Kf2 g5 47. Kf3 Kg7 0-1


[Site "https://www.chess.com"]

[Event "Titled Tuesday Blitz September 27 Early 2022"]
[White "Taboas Rodriguez, Daniel"]
[Black "Pham, Khoi"]
[WhiteFideId "2208466"]
[BlackFideId "1054988"]
[WhiteElo "2429"]
[BlackElo "2452"]
[Result "1-0"]
[Round "06"]
[TimeControl "180+1"]
[Date "2022.09.27"]
[WhiteClock "0:00:46"]
[BlackClock "0:00:02"]

1. d4 f5 2. Bg5 h6 3. Bh4 g5 4. Bg3 Nf6 5. e3 Bg7 6. h4 g4 7. Bd3 d6 8. c4 O-O 9. Nc3 Nh5 10. Nge2 e5 11. Bh2 Nc6 12. d5 Ne7 13. f3 f4 14. exf4 exf4 15. Qc2 Nf5 16. Bg1 Nfg3 17. Rh2 Nxe2 18. Bxe2 g3 19. Rh1 Bf5 20. Ne4 Nf6 21. O-O-O Nxe4 22. fxe4 Bh7 23. Bf3 Qe7 24. Bd4 Bxd4 25. Rxd4 Qe5 26. Rd2 Rae8 27. Re2 Re7 28. Rhe1 Qf6 29. h5 Rfe8 30. Kd2 Qd4+ 31. Kc1 c5 32. Qc3 Qxc3+ 33. bxc3 Kg7 34. Kd2 Kf6 35. Kd3 b6 36. a4 Ke5 37. Ra2 Rb7 38. Rb1 Reb8 39. Rb5 a6 40. Rb3 Kf6 41. Rab2 Ke7 42. Rb1 Kf6 43. R3b2 Ke5 44. Rb3 a5 45. R3b2 Bg8 46. Rh1 Bf7 47. Rh4 Be8 48. Ra2 Rg7 49. Ra1 Rg5 50. Ra2 Bd7 51. Ra1 Rbg8 52. Bd1 Rf8 53. Rb1 1-0


[Site "https://www.chess.com"]

[Event "Titled Tuesday Blitz September 27 Early 2022"]
[White "Tari, Aryan"]
[Black "Navarrete Mendez, Gonzalo Alberto"]
[WhiteFideId "1510045"]
[BlackFideId "5106850"]
[WhiteElo "2612"]
[BlackElo "2261"]
[Result "1/2-1/2"]
[Round "06"]
[TimeControl "180+1"]
[Date "2022.09.27"]
[WhiteClock "0:00:10"]
[BlackClock "0:00:22"]

1. Nc3 e5 2. e4 Nf6 3. f4 d5 4. fxe5 Nxe4 5. Qf3 Nc6 6. Bb5 Nxc3 7. bxc3 Qh4+ 8. g3 Qe4+ 9. Qxe4 dxe4 10. d4 exd3 11. cxd3 Bd7 12. Rb1 Nxe5 13. Bxd7+ Kxd7 14. Kd2 b6 15. d4 Nc4+ 16. Kd3 Nd6 17. Nf3 f6 18. c4 Rd8 19. a4 Nb7 20. Kc2 Na5 21. Kc3 c5 22. d5 Bd6 23. Kd3 Rhe8 24. Bd2 Nb7 25. a5 Bc7 26. Nh4 Nd6 27. Bf4 Ne4 28. Rhf1 Bxf4 29. Rxf4 Nd6 30. Nf5 Nxf5 31. Rxf5 Kc7 32. g4 Re7 33. g5 fxg5 34. Rxg5 Rde8 35. Rg3 g6 36. axb6+ axb6 37. d6+ Kxd6 38. Rxb6+ Kc7 39. Ra6 Kb7 40. Ra5 Kb6 41. Rb5+ Kc6 42. Ra5 Rb7 43. Rg5 Rd7+ 44. Kc2 Re2+ 45. Kc3 Re3+ 46. Kc2 Re2+ 47. Kc3 Re3+ 48. Kc2 Re2+ 1/2-1/2


[Site "https://www.chess.com"]

[Event "Titled Tuesday Blitz September 27 Early 2022"]
[White "Tarnowska, Aleksandra"]
[Black "Jiganchine, Roman"]
[WhiteFideId "1180967"]
[BlackFideId "2603667"]
[WhiteElo "1700"]
[BlackElo "2257"]
[Result "0-1"]
[Round "06"]
[TimeControl "180+1"]
[Date "2022.09.27"]
[WhiteClock "0:00:02"]
[BlackClock "0:00:21"]

1. e4 c6 2. d4 d5 3. Nc3 dxe4 4. Nxe4 Nf6 5. Nxf6+ exf6 6. Nf3 Bd6 7. Be3 O-O 8. Qd2 Re8 9. O-O-O Na6 10. Bd3 Nb4 11. Kb1 b5 12. Nh4 g6 13. Rhe1 Bg4 14. Nf3 Be6 15. a3 Nd5 16. h4 b4 17. a4 Rb8 18. b3 Nc3+ 19. Kb2 Nxd1+ 20. Rxd1 Qa5 21. h5 Qxh5 22. Be4 Bd5 23. Bxd5 cxd5 24. Qd3 Rb6 25. Ne1 Rc8 26. Rd2 Qh1 27. Re2 Rbc6 28. Bc1 Qf1 29. Qe3 Qh1 30. Nd3 Qh5 31. Nf4 Qf5 32. Nd3 Rc3 33. Qd2 Rxc2+ 34. Qxc2 Rxc2+ 35. Rxc2 Qxd3 36. Bh6 Qa6 37. Re2 Qc8 38. Rc2 Qd7 39. a5 Bf8 40. Bf4 h5 41. g3 g5 42. Be3 Bd6 43. Rd2 a6 44. Rc2 Kg7 45. Rd2 Kg6 46. Rd1 Qb5 47. Rd2 Qxa5 48. Rc2 Qb5 49. Kb1 a5 50. Ra2 Qd3+ 51. Kb2 Qb5 52. Kb1 h4 53. Rc2 hxg3 54. fxg3 Qf1+ 55. Kb2 Qd3 56. Bf2 a4 57. bxa4 Qa3+ 58. Kb1 b3 59. Rb2 Qxa4 60. Be1 Ba3 61. Re2 Qxd4 62. Bf2 Qd3+ 0-1


[Site "https://www.chess.com"]

[Event "Titled Tuesday Blitz September 27 Early 2022"]
[White "Tasev, Dejan"]
[Black "Dardha, Daniel"]
[WhiteFideId "936618"]
[BlackFideId "240990"]
[WhiteElo "2256"]
[BlackElo "2528"]
[Result "0-1"]
[Round "06"]
[TimeControl "180+1"]
[Date "2022.09.27"]
[WhiteClock "0:00:10"]
[BlackClock "0:00:44"]

1. e4 e5 2. Nf3 Nc6 3. Bb5 Nf6 4. Bxc6 dxc6 5. d3 Bd6 6. Nbd2 Be6 7. a3 h6 8. b3 Qe7 9. Bb2 Nd7 10. Nf1 O-O-O 11. Ne3 f6 12. h4 Qf7 13. h5 c5 14. Nh4 Nb8 15. Nhf5 Nc6 16. c4 Kb8 17. Bc3 Nd4 18. g4 Bf8 19. b4 g6 20. hxg6 Qxg6 21. Rb1 Bc8 22. bxc5 Bxc5 23. Bxd4 Bxd4 24. Nd5 Bc5 25. Rh5 c6 26. Nb4 Ka8 27. Nc2 Bxf5 28. exf5 Qg8 29. Qe2 Rh7 30. Rd1 Rhd7 31. Rxh6 Qg5 32. Rh5 Qf4 33. Kf1 a6 34. a4 Rxd3 35. Rxd3 Rxd3 36. Kg2 Rd2 37. Rh8+ Ka7 0-1


[Site "https://www.chess.com"]

[Event "Titled Tuesday Blitz September 27 Early 2022"]
[White "Terzi, Alexei"]
[Black "Zhigalko, Sergei"]
[WhiteFideId "13505076"]
[BlackFideId "13502956"]
[WhiteElo "2031"]
[BlackElo "2662"]
[Result "0-1"]
[Round "06"]
[TimeControl "180+1"]
[Date "2022.09.27"]
[WhiteClock "0:00:20"]
[BlackClock "0:00:33"]

1. e4 c5 2. Nc3 Nc6 3. Bb5 Nd4 4. Nf3 e6 5. Nxd4 cxd4 6. Ne2 Qg5 7. Bd3 Qxg2 8. Ng3 Qh3 9. c3 Bc5 10. b4 Bb6 11. Bb2 dxc3 12. Bxc3 Nf6 13. Qf3 Qg4 14. Qg2 d6 15. h3 Qg5 16. Qf3 Bd7 17. Ne2 e5 18. O-O-O O-O-O 19. Ng3 Rhe8 20. Kb2 Qf4 21. Qxf4 exf4 22. Bxf6 gxf6 23. Nh5 f3 24. Nxf6 Bd4+ 0-1


[Site "https://www.chess.com"]

[Event "Titled Tuesday Blitz September 27 Early 2022"]
[White "Thiel, Thomas"]
[Black "Luxama, Jacques Muller"]
[WhiteFideId "4615964"]
[BlackFideId "11900113"]
[WhiteElo "2203"]
[BlackElo "1931"]
[Result "1-0"]
[Round "06"]
[TimeControl "180+1"]
[Date "2022.09.27"]
[WhiteClock "0:01:27"]
[BlackClock "0:00:01"]

1. e4 e5 2. Nf3 Nc6 3. d4 exd4 4. Nxd4 Bc5 5. Nb3 Bb6 6. Nc3 Nf6 7. Qe2 d6 8. Bg5 h6 9. Bh4 O-O 10. O-O-O Re8 11. f3 Be6 12. g4 g5 13. Bg3 Kg7 14. h4 Nd7 15. hxg5 hxg5 16. Bg2 Rh8 17. Qd2 Qe7 18. Nd5 Bxd5 19. Qxd5 f6 20. Kb1 Nde5 21. a4 a5 22. Qd2 Rxh1 23. Rxh1 Rh8 24. Rxh8 Kxh8 25. Nc1 Kg7 26. Ne2 Qd8 27. Bh2 Qh8 28. Bg3 Qg8 29. Be1 Qc4 30. Ng3 Qxa4 31. Nf5+ Kg6 32. Bf1 1-0


[Site "https://www.chess.com"]

[Event "Titled Tuesday Blitz September 27 Early 2022"]
[White "Tomaszewski, Kacper"]
[Black "Urazayev, Arystanbek"]
[WhiteFideId "1127373"]
[BlackFideId "13709810"]
[WhiteElo "2133"]
[BlackElo "2441"]
[Result "0-1"]
[Round "06"]
[TimeControl "180+1"]
[Date "2022.09.27"]
[WhiteClock "0:00:03"]
[BlackClock "0:00:49"]

1. d4 Nf6 2. c4 g6 3. Nc3 Bg7 4. e4 d6 5. Be2 O-O 6. Be3 Nc6 7. d5 Ne5 8. h3 e6 9. f4 Ned7 10. Nf3 exd5 11. cxd5 Re8 12. Qd3 b5 13. a3 a5 14. Nd4 Nc5 15. Qc2 Nfxe4 16. Bxb5 Bxd4 17. Bxe8 Qxe8 18. Nxe4 Bxb2 19. O-O Qxe4 20. Qxe4 Nxe4 21. Rab1 Bc3 22. Rfc1 Ba6 23. Rb3 Bd2 24. Rxc7 a4 25. Bxd2 axb3 26. Bc1 Rc8 27. Rc6 Rxc6 28. dxc6 Kf8 29. Bb2 Ke8 30. g4 Kd8 31. f5 gxf5 32. gxf5 Kc7 33. Kg2 Kxc6 34. Kf3 d5 35. Kf4 f6 36. h4 Be2 37. a4 Kb6 38. Ke3 Bh5 39. Kd4 Bf7 40. Kd3 Ka5 41. h5 Kxa4 42. h6 Kb4 43. Kd4 Kb5 44. Ba3 Kc6 45. Bb2 Nd6 46. Kd3 Nxf5 47. Bxf6 Nxh6 48. Kc3 Ng4 49. Bd4 h5 50. Kxb3 h4 51. Bg1 h3 52. Kc2 h2 53. Bxh2 Nxh2 54. Kd3 Kd6 0-1


[Site "https://www.chess.com"]

[Event "Titled Tuesday Blitz September 27 Early 2022"]
[White "Vachylia, Andrii"]
[Black "Mikhailovsky, Vladimir"]
[WhiteFideId "14137224"]
[BlackFideId "34105414"]
[WhiteElo "2318"]
[BlackElo "2297"]
[Result "1-0"]
[Round "06"]
[TimeControl "180+1"]
[Date "2022.09.27"]
[WhiteClock "0:00:19"]
[BlackClock "0:00:01"]

1. e4 Nf6 2. Nc3 d5 3. e5 Nfd7 4. f4 d4 5. Ne4 e6 6. Nf3 Nc5 7. Nxc5 Bxc5 8. Bd3 Bb6 9. O-O c5 10. b3 Nc6 11. a3 Bd7 12. Qe2 h6 13. Kh1 Ne7 14. Ng1 Bc6 15. Nh3 Nf5 16. Be4 Qd7 17. d3 h5 18. Bd2 h4 19. a4 Bd5 20. Kg1 Bd8 21. Nf2 Be7 22. Bf3 a5 23. Ne4 b6 24. Kf2 O-O-O 25. Rg1 Kc7 26. Raf1 f6 27. exf6 gxf6 28. Ke1 Qc6 29. g4 hxg3 30. hxg3 Rhe8 31. g4 Nd6 32. g5 f5 33. Nf6 Bxf6 34. gxf6 Nf7 35. Rg7 Rd7 36. Bh5 e5 37. fxe5 Rxe5 38. Bf4 Qd6 39. Bxe5 Nxe5 40. Rxd7+ Nxd7 41. Rxf5 Qg3+ 42. Kd2 Kd6 43. f7 Qg7 44. Qf2 Qh6+ 45. Qf4+ Qxf4+ 46. Rxf4 Nf8 47. Rf6+ Be6 48. Bg4 Ke7 49. Rxe6+ Kxf7 50. Rxb6 1-0


[Site "https://www.chess.com"]

[Event "Titled Tuesday Blitz September 27 Early 2022"]
[White "Visakh N R"]
[Black "Derjabin, Ilja"]
[WhiteFideId "25012223"]
[BlackFideId "14104768"]
[WhiteElo "2448"]
[BlackElo "2341"]
[Result "1-0"]
[Round "06"]
[TimeControl "180+1"]
[Date "2022.09.27"]
[WhiteClock "0:00:07"]
[BlackClock "0:00:10"]

1. c4 c5 2. Nf3 Nf6 3. Nc3 Nc6 4. d4 cxd4 5. Nxd4 Nxd4 6. Qxd4 g6 7. g3 Bg7 8. Bg2 O-O 9. O-O Qa5 10. Qd3 d6 11. h3 Be6 12. Bd2 Qh5 13. g4 Qh4 14. Rac1 h5 15. g5 Bxc4 16. Qg3 Qxg3 17. fxg3 Nd7 18. b3 Be6 19. Bxb7 Bxh3 20. Bxa8 Rxa8 21. Rf4 Be5 22. Rh4 Bg4 23. Kf2 Nc5 24. Rhh1 Bxc3 25. Bxc3 Ne4+ 26. Kg2 Nxg5 27. Rhe1 Be6 28. Bd4 Bd5+ 29. Kg1 Be4 30. Rc7 Ne6 31. Rc4 Nxd4 32. Rxd4 f5 33. Rc1 Kf7 34. Rc7 Kf6 35. Ra4 a6 36. b4 Rb8 37. a3 g5 38. Rxa6 h4 39. Raa7 hxg3 40. Rxe7 Rh8 41. Rh7 Rc8 42. Rac7 Ra8 43. Rhf7+ Ke5 44. Rfe7+ Kf4 45. Rxe4+ Kxe4 46. Rc3 f4 47. b5 g4 48. b6 f3 49. exf3+ gxf3 50. b7 Rh8 51. Rb3 g2 52. Kf2 Rg8 53. Rb1 d5 54. a4 d4 55. a5 d3 56. Re1+ Kf4 57. a6 d2 58. Rb1 g1=Q+ 59. Rxg1 Rxg1 60. b8=Q+ Ke4 61. Qb7+ Kd3 62. Qxf3+ Kc2 63. Kxg1 d1=Q+ 64. Qxd1+ Kxd1 65. a7 Kd2 66. a8=Q 1-0


[Site "https://www.chess.com"]

[Event "Titled Tuesday Blitz September 27 Early 2022"]
[White "Vlassov, Nikolai"]
[Black "Zilleruelo Irizarry, Diego"]
[WhiteFideId "4103360"]
[BlackFideId "3101460"]
[WhiteElo "2324"]
[BlackElo "1998"]
[Result "1-0"]
[Round "06"]
[TimeControl "180+1"]
[Date "2022.09.27"]
[WhiteClock "0:00:45"]
[BlackClock "0:01:06"]

1. e4 c6 2. d4 d5 3. e5 c5 4. dxc5 e6 5. Nf3 Nd7 6. b4 Ne7 7. Bd3 Nc6 8. a3 Ncxe5 9. O-O Nxd3 10. cxd3 Be7 11. d4 O-O 12. Nc3 a6 13. Bf4 Nf6 14. Qd3 Bd7 15. a4 Rc8 16. b5 axb5 17. axb5 Ne4 18. Rfb1 Qe8 19. Ne5 Nxc3 20. Nxd7 Qxd7 21. Qxc3 Ra8 22. c6 Rxa1 23. Rxa1 bxc6 24. bxc6 Qc8 25. Ra7 Bf6 26. h3 Re8 27. Bd6 h5 28. Qc5 Bxd4 29. Qxd4 Qxc6 30. Be5 f6 31. Bxf6 Qc1+ 32. Kh2 1-0


[Site "https://www.chess.com"]

[Event "Titled Tuesday Blitz September 27 Early 2022"]
[White "Vogel, Roven"]
[Black "Begmuratov, Khumoyun"]
[WhiteFideId "12908088"]
[BlackFideId "14210207"]
[WhiteElo "2501"]
[BlackElo "1978"]
[Result "1-0"]
[Round "06"]
[TimeControl "180+1"]
[Date "2022.09.27"]
[WhiteClock "0:01:10"]
[BlackClock "0:00:02"]

1. d4 Nf6 2. Nc3 d5 3. Bf4 e6 4. Nb5 Na6 5. e3 c6 6. Nc3 Nc7 7. Nf3 Bd6 8. Ne5 O-O 9. Bd3 c5 10. O-O c4 11. Be2 b5 12. a3 Bb7 13. Bf3 Ne4 14. Bxe4 dxe4 15. h3 f6 16. Ng4 Bxf4 17. exf4 Qd6 18. Qd2 Rad8 19. Rad1 a5 20. Ne2 b4 21. axb4 axb4 22. Ne3 Ba6 23. c3 b3 24. Ra1 Ra8 25. Ra5 Bb5 26. Rfa1 Rxa5 27. Rxa5 Qb6 28. Ra1 Nd5 29. Nxd5 exd5 30. Ng3 f5 31. Nf1 Bc6 32. Ne3 g6 33. Qc1 Ra8 34. Rxa8+ Bxa8 35. Qa1 Bc6 36. Qa3 Qd8 37. Qc5 Qd7 38. g4 Kf7 39. Kg2 h5 40. gxf5 gxf5 41. Kg3 Kg6 42. Qf8 Qe6 43. Kh4 Bd7 44. Qd8 Kf7 45. Qg5 Be8 46. Qxf5+ Ke7 47. Qxe6+ Kxe6 48. Kg5 Bd7 49. f5+ Kd6 50. Kxh5 Bc6 51. Kg6 1-0


[Site "https://www.chess.com"]

[Event "Titled Tuesday Blitz September 27 Early 2022"]
[White "Vokhidov, Shamsiddin"]
[Black "Carlsen, Magnus"]
[WhiteFideId "14204223"]
[BlackFideId "1503014"]
[WhiteElo "2619"]
[BlackElo "2830"]
[Result "0-1"]
[Round "06"]
[TimeControl "180+1"]
[Date "2022.09.27"]
[WhiteClock "0:00:29"]
[BlackClock "0:02:11"]

1. e4 c5 2. Nf3 e6 3. g3 b6 4. d4 cxd4 5. Nxd4 Bb7 6. Bg2 Nf6 7. Qe2 Nc6 8. Nb3 d6 9. O-O Be7 10. c4 O-O 11. Nc3 a6 12. Be3 Qc7 13. Nd4 Ne5 14. b3 b5 15. Rac1 bxc4 16. bxc4 Rac8 17. Nb3 Qxc4 18. Qxc4 Nxc4 19. e5 Bxg2 20. exf6 Bxf6 21. Kxg2 Nxe3+ 22. fxe3 Bxc3 23. Rc2 Bb4 24. Rfc1 Rxc2+ 25. Rxc2 g6 26. Rc6 a5 27. Ra6 Rc8 28. Nxa5 Rc2+ 0-1


[Site "https://www.chess.com"]

[Event "Titled Tuesday Blitz September 27 Early 2022"]
[White "Vovk, Orest"]
[Black "Madaminov, Mukhiddin"]
[WhiteFideId "14113490"]
[BlackFideId "14210703"]
[WhiteElo "2203"]
[BlackElo "2106"]
[Result "0-1"]
[Round "06"]
[TimeControl "180+1"]
[Date "2022.09.27"]
[WhiteClock "0:00:02"]
[BlackClock "0:00:04"]

1. h4 d5 2. h5 c5 3. e4 dxe4 4. Nc3 f5 5. d3 exd3 6. Bxd3 Nc6 7. Nf3 Nf6 8. Bf4 e6 9. Nb5 Nd5 10. Bg5 Be7 11. Bxe7 Qxe7 12. Qd2 a6 13. Nc3 O-O 14. h6 g6 15. O-O-O Qf6 16. Bc4 Nxc3 17. bxc3 b5 18. Qd6 Na5 19. Bb3 c4 20. Qc7 Qxc3 21. Ng5 Qa1+ 22. Kd2 Qd4+ 23. Ke2 Ra7 24. Qxa5 Qe5+ 25. Kf1 cxb3 26. axb3 Rd7 27. Rxd7 Bxd7 28. Rh3 f4 29. Nf3 Qc5 30. Qd2 Bc6 31. Nd4 e5 32. Nxc6 Qxc6 33. Rd3 g5 34. Rd6 Qe4 35. Rd7 Qf5 36. Rg7+ Kh8 37. Qd6 Qf6 38. Qd7 Qxh6 39. Rxh7+ Qxh7 40. Qh3 Qxh3 0-1


[Site "https://www.chess.com"]

[Event "Titled Tuesday Blitz September 27 Early 2022"]
[White "Wachinger, Guenther"]
[Black "Bashirli, Saadat"]
[WhiteFideId "4604261"]
[BlackFideId "13429990"]
[WhiteElo "2212"]
[BlackElo "1173"]
[Result "1-0"]
[Round "06"]
[TimeControl "180+1"]
[Date "2022.09.27"]
[WhiteClock "0:00:48"]
[BlackClock "0:00:30"]

1. e4 c5 2. Nf3 g6 3. d4 cxd4 4. Qxd4 Nf6 5. Nc3 Nc6 6. Qd3 d6 7. Bg5 Bg7 8. Be2 O-O 9. O-O Be6 10. Nd5 Bxd5 11. exd5 Nb4 12. Qb3 Nbxd5 13. Qxb7 Rb8 14. Qxa7 Rxb2 15. c4 Nc3 16. Bd3 e5 17. Qa3 Ne2+ 18. Kh1 Qb6 19. Be3 Nd4 20. Bc1 Nc2 21. Qxb2 Qxb2 22. Bxb2 e4 23. Bxc2 exf3 24. gxf3 Rb8 25. Bxf6 Bxf6 26. Rab1 Rc8 27. Be4 Rxc4 28. Rb7 Rd4 29. Rc1 Bh4 30. Rcc7 Bxf2 31. Rxf7 Rd1+ 32. Kg2 Be3 33. Rg7+ Kf8 34. Rbf7+ Ke8 35. Bc6+ 1-0


[Site "https://www.chess.com"]